 Dungeon Crawl Stone Soup version 0.17-a0-968-gf8e1f1d (webtiles) character file.

203150 namelastname112 the Jinx (level 18, -11/147 HPs)
             Began as a Purple Draconian Enchanter on May 9, 2015.
             Was an Initiate of Gozag.
             Mangled by a merfolk impaler
             ... wielding a +2 demon trident of electrocution
              (18 damage)
             ... on level 4 of the Shoals on May 10, 2015.
             The game lasted 02:51:23 (51420 turns).

namelastname112 the Jinx (DrEn)                    Turns: 51420, Time: 02:51:23

Health: -11/147    AC: 17    Str: 11    XL:     18   Next: 35%
Magic:  22/43      EV: 22    Int: 19    God:    Gozag
Gold:   2756       SH: 10    Dex: 24    Spells: 10 memorised, 12 levels left

rFire  . . .     SeeInvis .     J - +4 rapier "Sity" {pierce, rC+ MP+9 Dex+5}
rCold  + + .     Clarity  +     (armour unavailable)
rNeg   . . .     SustAb   .     P - +2 buckler {rC+}
rPois  +         Gourm    .     T - +1 hat
rElec  .         Spirit   .     N - +0 cloak {+Inv}
rCorr  .         Warding  .     D - +0 pair of gloves of Sin {Dex+3} (curse)
rMut   .         Stasis   .     i - +0 pair of boots
MR     ++...                    S - amulet of clarity
Stlth  +++++.....               x - +3 ring of protection
                                k - ring of poison resistance

@: about to teleport, very resistant to hostile enchantments, quite stealthy
A: breathe power, unfitting armour, cold-blooded, AC +10
a: Breathe Dispelling Energy, Potion Petition, Call Merchant, Bribe Branch,
Renounce Religion, Evoke Invisibility


You were on level 4 of the Shoals.
You worshipped Gozag.
Gozag was noncommittal.
You were not hungry.

You visited 6 branches of the dungeon, and saw 35 of its levels.
You also visited: Ossuary and Ice Cave.

You collected 13916 gold pieces.
You spent 767 gold pieces at shops.
You paid 10393 gold pieces to Gozag.

Inventory:

Hand weapons
 d - a +1 executioner's axe of electrocution
 H - the +4 dagger of Paper {drain, Noisy rF++ rC+ Dex+4}
   (You found it on level 7 of the Dungeon)

   A truly terrible weapon, it drains the life of those it strikes.
   It affects your dexterity (+4).
   It greatly protects you from fire.
   It protects you from cold.
   It may make noises in combat.
 I - a +0 blowgun
 J - the +4 rapier "Sity" (weapon) {pierce, rC+ MP+9 Dex+5}
   (You acquired it on level 10 of the Dungeon)

   It inflicts extra damage upon your enemies.
   It affects your dexterity (+5).
   It protects you from cold.
   It affects your magic capacity (+9).
Missiles
 G - 13 curare-tipped needles
Armour
 i - a +0 pair of boots (worn)
 D - the cursed +0 pair of gloves of Sin (worn) {Dex+3}
   (You found it in an ice cave)

   It affects your dexterity (+3).
   It has a curse placed upon it.
 N - a +0 cloak of invisibility (worn)
 P - a +2 buckler of cold resistance (worn)
 T - a +1 hat (worn)
Jewellery
 k - a ring of poison resistance (left hand)
 n - an uncursed ring of protection from magic
 p - an uncursed ring of see invisible
 x - a +3 ring of protection (right hand)
 R - an uncursed ring of protection from fire
 S - an amulet of clarity (around neck)
 U - an uncursed ring of ice
Magical devices
 a - a wand of digging (10)
 h - a wand of draining (3)
 l - a wand of draining (8)
 q - a wand of digging (14)
 w - a wand of disintegration (3)
 O - a wand of digging (12)
 Z - a wand of paralysis (8)
Scrolls
 b - a scroll of summoning
 j - 3 scrolls of magic mapping
 t - 3 scrolls of fog
 u - 9 scrolls of identify
 v - 5 scrolls of teleportation
 z - 17 scrolls of remove curse
 B - 11 scrolls of fear
 W - 5 scrolls of enchant armour
 X - 7 scrolls of enchant weapon
 Y - a scroll of blinking
Potions
 e - a potion of resistance
 f - 3 potions of cancellation
 g - 4 potions of brilliance
 o - 4 potions of flight
 r - a potion of cure mutation
 s - 7 potions of haste
 F - 10 potions of curing
 K - 4 potions of berserk rage
 L - a potion of invisibility
 M - 4 potions of might
 Q - 3 potions of magic
 V - 5 potions of agility
Books
 A - a book of the Earth

   Spells                             Type                      Level
   a - Leda's Liquefaction            Hexes/Earth                  4
   b - Bolt of Magma                  Conjuration/Fire/Earth       5
   c - Statue Form                    Transmutation/Earth          6
   d - Iron Shot                      Conjuration/Earth            6
   e - Shatter                        Earth                        9
Miscellaneous
 m - a sack of spiders {used: 4}
 E - a legendary deck of destruction {drawn: 2}
Comestibles
 c - 19 bread rations


   Skills:
 - Level 9.8 Fighting
 - Level 10.2 Short Blades
 - Level 9.2 Dodging
 - Level 11.6 Stealth
 + Level 11.1 Shields
 - Level 12.9 Spellcasting
 - Level 13.1 Hexes
 - Level 5.2 Charms
 + Level 11.5 Translocations
 - Level 4.8 Air Magic
 - Level 13.0 Evocations


You had 12 spell levels left.
You knew the following spells:

 Your Spells              Type           Power        Failure   Level  Hunger
a - Corona                Hex            ######.      1%          1    None
b - Tukima's Dance        Hex            ######..     1%          3    None
c - Flight                Chrm/Air       ####......   1%          3    None
d - Dazzling Spray        Conj/Hex       #####...     1%          3    None
e - Ozocubu's Armour      Chrm/Ice       ###.....     8%          3    None
f - Silence               Hex/Air        #####.....   4%          5    ####...
g - Gell's Gravitas       Hex/Tloc       ######....   1%          3    None
h - Cause Fear            Hex            ######....   1%          4    #......
x - Confuse               Hex            ######..     1%          3    None
z - Ensorcelled Hibernat  Hex/Ice        #####.       1%          2    None


Dungeon Overview and Level Annotations

Branches:
Dungeon (15/15)            Temple (0/1) D:6            Lair (8/8) D:9
 Shoals (4/4) Lair:6        Snake (1/4) Lair:3        Slime (0/6) Lair:7
    Orc (4/4) D:10            Elf (3/3) Orc:4        Vaults (0/5) D:14
 Depths (0/5) D:15

Altars:
Ashenzari
Fedhas
Gozag
Kikubaaqudgha
Makhleb
Okawaru
Ru
Vehumet
Xom
Yredelemnul
Zin
The Shining One
Beogh

Shops:
D:4 [   D:9 (   D:10 [   D:11 [   D:12 (   D:13 *   Orc:4 [}([   Elf:1 %
Shoals:2 (   Vaults:1 (   Vaults:2 (   Vaults:3 %   Vaults:4 [   Depths:1 (

Portals:
Trove: D:11 (give 16 potions of curing)

Annotations:
D:8 2 runed doors
D:9 exclusion: orange crystal statue
D:14 exclusion: orange crystal statue
Lair:8 exclusion: oklob plant


Innate Abilities, Weirdness & Mutations

You can breathe bolts of dispelling energy.
Your rich purple scales are hard (AC +10).
Your body does not fit into most forms of armour.
You are cold-blooded and may be slowed by cold attacks.


Message History

The harpy screeches!
Unknown command.
Your trident hits something from afar! Something touches your trident!
The merfolk impaler moves out of view.
You see here 7 gold pieces.
Unknown command.
You feel a bit more experienced.
The merfolk impaler hits you with a demon trident of electrocution!
* * * LOW HITPOINT WARNING * * *
You feel a bit more experienced.
Unknown command.
Drink which item? (? for menu, Esc to quit)
Okay, then.
Drink which item? (? for menu, Esc to quit)
You feel better.
The merfolk impaler hits you with a demon trident of electrocution!
* * * LOW HITPOINT WARNING * * *
You are electrocuted!
You die...
Your body crumbles into a pile of gold.

≈≈m≈≈≈≈(H.(....$
≈≈≈≈≈≈...###...$
#######≈≈≈≈... .
#≈≈≈≈≈##≈≈≈.....≈..
## #....≈##≈..≈≈≈....
#≈# .≈≈..≈#..........
#≈.. #≈#..#..........
#≈.≈##≈≈..#..........
#≈.≈≈≈≈.@.#mH......≈.
#≈..#≈C$#m#.......≈..
#≈...m#$#m≈.....≈.≈.
##≈...(#H≈≈(≈≈######
≈≈≈######$.(≈..##
≈≈≈≈.......(.(.##
≈≈≈≈.........$.#
#≈≈≈≈≈≈..........#
##≈≈≈≈≈≈≈..........#


You could see a merfolk impaler, a merfolk, a water nymph and a cyclops
(confused).

Vanquished Creatures
  A kraken (Shoals:2)
  Gastronok (Orc:2)
  Agnes (Elf:1)
  Frances (D:13)
  Kirke (D:12)
  Donald (Elf:1)
  Maud (Orc:2)
  An orc warlord (Orc:4)
  The ghost of RobertPalmer the Severer, a powerful DDFi of Makhleb (Orc:4)
  The ghost of RobertPalmer the Carver, a powerful NaCK of Xom (Lair:2)
  A merfolk javelineer (Shoals:3)
  Erolcha (D:12)
  A yaktaur captain (D:15)
  2 merfolk impalers (Shoals:3)
  A deep elf high priest (Elf:1)
  3 hydras
  A catoblepas (Lair:8)
  5 centaur warriors
  4 merfolk avatars
  6 dancing weapons (Elf:2)
  3 satyrs (Shoals:3)
  3 merfolk aquamancers
  An ogre mage (D:15)
  An orc high priest (Orc:4)
  10 death yaks
  A deep troll earth mage (D:14)
  A salamander stormcaller (D:14)
  A vampire mage (D:15)
  Urug (Orc:2)
  Sonja (D:11)
  3 deep elf knights
  A wizard (D:15)
  4 skeletal warriors
  4 sea snakes
  A deep troll (D:14)
  2 unseen horrors
  11 deep elf summoners
  3 ice devils (IceCv)
  5 ice statues
  Pikel (D:5)
  15 harpies
  8 ugly things
  14 fauns
  A golden dragon skeleton (D:15)
  5 cyclopes
  8 griffons
  14 deep elf conjurers
  2 necromancers
  7 water nymphs
  A sphinx zombie (D:15)
  A wolf spider zombie (D:14)
  A wolf spider (D:15)
  3 orc sorcerers
  2 orc knights (Orc:4)
  9 manticores
  A salamander (shapeshifter) (D:14)
  21 elephants
  A fire giant skeleton (D:15)
  6 sirens
  A guardian serpent (shapeshifter) (D:14)
  An octopode (shapeshifter) (Elf:1)
  10 black mambas
  9 spiny frogs
  A torpor snail (Lair:5)
  An orange crystal statue (D:14)
  An orange demon (Orc:4)
  A gargoyle (D:14)
  2 kobold demonologists (D:14)
  An efreet (D:14)
  12 komodo dragons
  A redback zombie (D:14)
  A harpy zombie (D:14)
  6 trolls
  2 fire drakes
  13 deep elf priests
  15 merfolk
  3 wind drakes
  A polar bear (Lair:5)
  5 blue devils (IceCv)
  Prince Ribbit (D:8)
  20 blink frogs
  A boulder beetle (Lair:7)
  5 slime creatures (D:13)
  3 snapping turtles
  An ettin zombie (D:15)
  2 redbacks
  A centaur simulacrum (D:14)
  A trapdoor spider (shapeshifter) (Elf:2)
  A spriggan (shapeshifter) (D:14)
  A trapdoor spider (D:12)
  6 humans
  A vampire (D:14)
  3 shadows
  A tarantella (Elf:1)
  52 yaks
  3 hungry ghosts
  4 basilisks
  10 water elementals
  3 wyverns
  A wraith (D:12)
  17 deep elf magi
  A hog (D:12)
  A steam dragon (Lair:4)
  4 wolves
  A fire bat (shapeshifter) (D:15)
  4 nagas
  4 wargs
  20 deep elf fighters
  3 vampire mosquitoes (D:15)
  Menkaure (D:4)
  13 hippogriffs
  3 mottled dragons
  14 porcupines
  29 orc warriors
  16 water moccasins
  55 ice beasts
  5 sky beasts
  5 phantoms
  4 slaves (D:5)
  An eye of draining (D:12)
  8 ogres
  2 necrophages
  8 centaurs
  13 crocodiles
  A big kobold (shapeshifter) (Elf:1)
  The ghost of ImmaFairy the Insei, an average OpTm (D:3)
  2 big kobolds
  23 giant frogs
  A brain worm (Lair:4)
  4 scorpions
  9 killer bees
  A water moccasin skeleton (D:9)
  An electric eel (Lair:2)
  A draconian simulacrum (IceCv)
  17 crimson imps
  8 hounds
  18 jellies
  3 giant frog zombies
  26 orc priests
  3 giant frog skeletons
  42 orc wizards
  8 centaur skeletons
  A gnoll shaman (D:10)
  5 troll simulacra (IceCv)
  4 hell rats
  10 iguanas
  13 worker ants
  30 sheep
  A spriggan simulacrum (IceCv)
  2 hound skeletons
  12 mummies (Ossuary)
  24 gnolls
  2 worker ant zombies
  15 adders
  2 ogre simulacra (IceCv)
  A naga simulacrum (IceCv)
  44 river rats
  7 shadow imps
  2 white imps (D:11)
  An adder zombie (D:10)
  5 worms
  216 orcs
  5 ball pythons
  2 bat skeletons
  7 giant cockroaches
  20 hobgoblins
  17 jackals
  26 kobolds
  5 quokkas
  19 bats
  7 giant geckos
  2 giant gecko skeletons (D:5)
  2 giant gecko zombies
  4 giant newts
  3 giant spores
  2 gnoll skeletons (Ossuary)
  15 goblins
  A jackal zombie (D:6)
  5 kobold skeletons (Ossuary)
  An orc skeleton (Ossuary)
  A quokka skeleton (D:8)
  14 rats
  11 rat skeletons (Ossuary)
  3 ballistomycetes
  3 fungi
1394 creatures vanquished.

Vanquished Creatures (collateral kills)
  Rupert (Snake:1)
  A fire giant (D:14)
  Aizul (Shoals:3)
  A merfolk impaler (Shoals:4)
  A salamander stormcaller (D:14)
  A merfolk aquamancer (Shoals:3)
  An orc high priest (Orc:4)
  10 skeletal warriors
  3 hill giants
  2 harpies
  A manticore (Shoals:3)
  2 orc knights (D:15)
  A siren (Shoals:3)
  9 merfolk (Shoals:3)
  4 two-headed ogres
  A vampire (D:14)
  10 orc warriors
  4 ogres
  A sky beast (D:14)
  3 giant frogs
  4 wights (D:15)
  A crimson imp (D:13)
  5 orc wizards
  A worker ant (D:13)
  3 gnolls
  13 orcs
85 creatures vanquished.

Vanquished Creatures (others)
  2 deep elf knights
  20 drowned souls
  2 fire vortices (D:14)
  A jumping spider (Snake:1)
  7 dancing weapons
  5 trapdoor spiders
  2 redbacks
  2 orc wizards (D:6)
  3 gnolls (D:8)
  A worm (D:3)
  A giant gecko (D:3)
  3 orcs
  A goblin (Orc:2)
  A kobold (D:3)
  A quokka (D:3)
  8 fungi
  5 plants
65 creatures vanquished.

Grand Total: 1544 creatures vanquished

Notes
Turn   | Place    | Note
--------------------------------------------------------------
     0 | D:1      | namelastname112, the Draconian Enchanter, began the quest for the Orb.
     0 | D:1      | Reached XP level 1. HP: 14/14 MP: 3/3
   259 | D:1      | Reached XP level 2. HP: 15/20 MP: 5/5
   263 | D:1      | Learned a level 2 spell: Ensorcelled Hibernation
  1144 | D:2      | Reached skill level 3 in Stealth
  1188 | D:2      | Reached XP level 3. HP: 16/26 MP: 2/6
  1199 | D:1      | Learned a level 3 spell: Confuse
  1658 | D:2      | Reached XP level 4. HP: 33/33 MP: 8/8
  2198 | D:3      | Reached XP level 5. HP: 27/38 MP: 4/9
  2224 | D:3      | Learned a level 3 spell: Tukima's Dance
  2275 | D:3      | Found a radiant altar of Vehumet.
  2285 | D:3      | Noticed ImmaFairy's ghost (average OpTm)
  2348 | D:3      | Killed ImmaFairy's ghost
  2355 | D:3      | Reached XP level 6. HP: 26/45 MP: 0/11
  2509 | D:3      | Found a shattered altar of Ashenzari.
  2626 | D:3      | Found a shimmering altar of Xom.
  2627 | D:3      | Found a shimmering altar of Xom.
  2628 | D:3      | Found a shimmering altar of Xom.
  2770 | D:3      | Found a shimmering altar of Xom.
  2792 | D:3      | Found a shimmering altar of Xom.
  2793 | D:3      | Found a shimmering altar of Xom.
  2794 | D:3      | Found a shimmering altar of Xom.
  2795 | D:3      | Found a shimmering altar of Xom.
  2795 | D:3      | Found a shimmering altar of Xom.
  2795 | D:3      | Found a shimmering altar of Xom.
  3115 | D:4      | Noticed Menkaure
  3120 | D:4      | Killed Menkaure
  3120 | D:4      | Reached skill level 4 in Stealth
  3324 | D:4      | Your scales start taking on a rich purple colour.
  3324 | D:4      | Reached XP level 7. HP: 42/50 MP: 13/13
  3389 | D:4      | Reached skill level 5 in Hexes
  3449 | D:4      | Reached skill level 5 in Spellcasting
  3733 | D:4      | Found Huhi's Armour Shoppe.
  4108 | D:4      | Found an opulent altar of Gozag.
  4109 | D:4      | Found a glowing silver altar of Zin.
  4163 | D:4      | Became a worshipper of Gozag Ym Sagoz the Greedy
  4209 | D:4      | Reached XP level 8. HP: 57/57 MP: 3/16
  4232 | D:4      | Found a blossoming altar of Fedhas.
  4321 | D:5      | Entered Level 5 of the Dungeon
  4458 | D:5      | Reached skill level 5 in Stealth
  4682 | D:5      | Reached skill level 6 in Hexes
  4724 | D:5      | Noticed Pikel
  4747 | D:5      | Killed Pikel
  4747 | D:5      | Reached skill level 5 in Short Blades
  5236 | D:6      | Found a staircase to the Ecumenical Temple.
  5258 | D:6      | Reached skill level 5 in Dodging
  5258 | D:6      | Reached XP level 9. HP: 62/62 MP: 2/18
  5847 | D:6      | Reached skill level 7 in Hexes
  6167 | D:7      | Found a glowing golden altar of the Shining One.
  6758 | D:7      | Reached XP level 10. HP: 69/69 MP: 21/21
  6937 | D:7      | Got a bloodstained dagger
  6938 | D:7      | Identified the +4 dagger of Paper {drain, Noisy rF++ rC+ Dex+4} (You found it on level 7 of the Dungeon)
  7094 | D:7      | Found a burning altar of Makhleb.
  7237 | D:8      | Found a sacrificial altar of Ru.
  7266 | D:8      | Reached skill level 8 in Hexes
  7344 | D:8      | Found a sand-covered staircase.
  7351 | Ossuary  | Entered an ossuary
  7880 | D:8      | Found a large runed door.
  7882 | D:8      | Found a large runed door.
  7891 | D:8      | Noticed a hill giant
  7900 | D:8      | Killed a hill giant
  7940 | D:8      | Found a large runed door.
  7940 | D:8      | Found a large runed door.
  7947 | D:8      | Got an iridescent falchion
  8090 | D:8      | Found an iron altar of Okawaru.
  8129 | D:8      | Noticed Prince Ribbit
  8163 | D:8      | Killed Prince Ribbit
  8487 | D:8      | Noticed a centaur warrior
  8500 | D:8      | Killed a centaur warrior
  8920 | D:8      | Found a basalt altar of Yredelemnul.
  8971 | D:9      | Found Veopsaf's Antique Weapon Shop.
  8976 | D:9      | Bought a glowing dagger for 56 gold pieces
  8977 | D:9      | Identified the cursed +2 falchion of Grandeur {slice, +Rage MR- Int+8} (You found it on level 8 of the Dungeon)
  9009 | D:9      | Found a staircase to the Lair.
  9075 | D:9      | Found an ancient bone altar of Kikubaaqudgha.
  9195 | D:9      | Found a shimmering altar of Xom.
  9523 | D:9      | Reached skill level 9 in Hexes
  9842 | D:10     | Entered Level 10 of the Dungeon
  9842 | D:10     | Found Pedghox's Armour Boutique.
  9959 | D:10     | Found a staircase to the Orcish Mines.
 10028 | D:10     | Reached XP level 11. HP: 47/74 MP: 8/23
 10241 | D:10     | Noticed a hill giant
 10247 | D:10     | Killed a hill giant
 11141 | D:11     | Found Xecukkat's Antique Armour Shoppe.
 11162 | D:11     | Found a frozen archway.
 11162 | D:11     | Noticed an ice statue
 11273 | D:11     | Killed an ice statue
 11284 | IceCv    | Entered an ice cave
 11572 | IceCv    | Noticed an ice statue
 11572 | IceCv    | Noticed an ice statue
 11993 | IceCv    | Noticed an ice devil
 12016 | IceCv    | Killed an ice devil
 12591 | IceCv    | Noticed an ice statue
 12623 | IceCv    | Noticed an ice devil
 12638 | IceCv    | Killed an ice devil
 12638 | IceCv    | Reached skill level 10 in Hexes
 12652 | IceCv    | Noticed an ice devil
 12670 | IceCv    | Killed an ice devil
 12800 | IceCv    | Noticed a necromancer
 12806 | IceCv    | Killed a necromancer
 12837 | IceCv    | Killed an ice statue
 12857 | IceCv    | Noticed an ice statue
 13150 | IceCv    | Got a pair of twisted gloves
 13161 | IceCv    | Identified the cursed +0 pair of gloves of Sin {Dex+3} (You found it in an ice cave)
 13478 | IceCv    | Killed an ice statue
 14603 | IceCv    | Killed an ice statue
 14603 | IceCv    | Reached skill level 10 in Spellcasting
 14777 | IceCv    | Killed an ice statue
 14826 | D:11     | Found a portal to a secret trove of treasure.
 14851 | D:11     | Noticed a hill giant
 14856 | D:11     | Killed a hill giant
 14856 | D:11     | Reached XP level 12. HP: 81/81 MP: 20/26
 14863 | D:11     | Noticed Sonja
 14875 | D:11     | Killed Sonja
 15704 | D:12     | Found Least's Weapon Shop.
 15841 | D:12     | Noticed Kirke
 15914 | D:12     | Noticed Erolcha
 15919 | D:12     | Killed Erolcha
 16098 | D:12     | Reached skill level 11 in Hexes
 16288 | D:10     | Identified a scroll of acquirement
 16291 | D:10     | Got an iridescent rapier
 16292 | D:10     | Identified the +4 rapier "Sity" {pierce, rC+ MP+9 Dex+5} (You acquired it on level 10 of the Dungeon)
 16327 | Lair:1   | Entered Level 1 of the Lair of Beasts
 16790 | Lair:1   | Reached skill level 10 in Short Blades
 17161 | Lair:1   | Reached skill level 10 in Stealth
 17470 | Lair:2   | Gained mutation: You are dopey. (Int -2) [potion of mutation]
 17470 | Lair:2   | Gained mutation: You are agile. (Dex +2) [potion of mutation]
 17470 | Lair:2   | Gained mutation: You are very dopey. (Int -4) [potion of mutation]
 17471 | Lair:2   | Lost mutation: You are very dopey. (Int -4) [potion of cure mutation]
 17471 | Lair:2   | Lost mutation: You are agile. (Dex +2) [potion of cure mutation]
 17471 | Lair:2   | Lost mutation: You are dopey. (Int -2) [potion of cure mutation]
 17694 | Lair:2   | Reached skill level 1 in Fighting
 17792 | Lair:2   | Noticed RobertPalmer's ghost (powerful NaCK)
 17829 | Lair:2   | Killed RobertPalmer's ghost
 17829 | Lair:2   | Reached XP level 13. HP: 56/93 MP: 15/28
 19070 | Lair:3   | Found a staircase to the Snake Pit.
 20162 | Lair:5   | Reached skill level 5 in Fighting
 20784 | Lair:5   | Learned a level 3 spell: Flight
 20904 | Lair:5   | Reached skill level 1 in Air Magic
 20922 | Lair:5   | Reached skill level 1 in Charms
 20930 | Lair:5   | Reached skill level 12 in Hexes
 21151 | Lair:5   | Learned a level 3 spell: Dazzling Spray
 22453 | Lair:6   | Learned a level 3 spell: Ozocubu's Armour
 22674 | Lair:6   | Found a staircase to the Shoals.
 22713 | Lair:6   | Reached XP level 14. HP: 106/114 MP: 1/30
 23527 | Lair:7   | Found a staircase to the Slime Pits.
 24928 | Lair:8   | Entered Level 8 of the Lair of Beasts
 26725 | Lair:8   | Reached skill level 5 in Charms
 27689 | Lair:1   | Learned a level 5 spell: Silence
 27693 | Lair:1   | Learned a level 3 spell: Gell's Gravitas
 27912 | D:12     | Killed Kirke
 27912 | D:12     | Reached skill level 13 in Hexes
 27912 | D:12     | Reached skill level 1 in Translocations
 28625 | D:13     | Noticed Frances
 28919 | D:13     | Killed Frances
 28919 | D:13     | Reached XP level 15. HP: 48/126 MP: 31/31
 29517 | D:13     | Found Wuteiv's Assorted Antiques.
 29558 | D:13     | Bought an embroidered cloak for 112 gold pieces
 29629 | D:13     | Reached skill level 1 in Evocations
 30663 | D:14     | Reached skill level 5 in Evocations
 31267 | D:14     | Found a gate to the Vaults.
 32315 | D:14     | Reached skill level 10 in Evocations
 32315 | D:14     | Reached XP level 16. HP: 134/134 MP: 32/32
 32350 | D:15     | Entered Level 15 of the Dungeon
 33927 | D:15     | Found a staircase to the Depths.
 34702 | D:15     | Upgraded the game from 0.17-a0-963-gaa5423c to 0.17-a0-968-gf8e1f1d
 34910 | Orc:1    | Entered Level 1 of the Orcish Mines
 35230 | Orc:2    | Noticed Urug
 35234 | Orc:2    | Noticed Gastronok
 35596 | Orc:2    | Killed Urug
 35676 | Orc:2    | Killed Gastronok
 35721 | Orc:2    | Noticed Maud
 35741 | Orc:2    | Killed Maud
 36516 | Orc:1    | Reached skill level 1 in Shields
 37259 | Orc:4    | Entered Level 4 of the Orcish Mines
 37292 | Orc:4    | Found a roughly hewn altar of Beogh.
 37389 | Orc:4    | Found a roughly hewn altar of Beogh.
 37443 | Orc:4    | Found a roughly hewn altar of Beogh.
 37531 | Orc:4    | Found a roughly hewn altar of Beogh.
 37935 | Orc:4    | Found a roughly hewn altar of Beogh.
 37965 | Orc:4    | Found Galelo Oghu's Antique Armour Shop.
 37972 | Orc:4    | Bought a glowing buckler for 144 gold pieces
 38108 | Orc:4    | Found a roughly hewn altar of Beogh.
 38112 | Orc:4    | Found Muteschut's Gadget Emporium.
 38550 | Orc:4    | Noticed RobertPalmer's ghost (powerful DDFi)
 39205 | Orc:4    | Found a staircase to the Elven Halls.
 39341 | Orc:4    | Found a roughly hewn altar of Beogh.
 39411 | Orc:4    | Found Orchollyca's Antique Weapon Shop.
 39412 | Orc:4    | Found a roughly hewn altar of Beogh.
 39415 | Orc:4    | Found Ilutir's Antique Armour Boutique.
 39459 | Orc:4    | Killed RobertPalmer's ghost
 39459 | Orc:4    | Reached XP level 17. HP: 33/139 MP: 24/33
 39706 | Orc:4    | Reached skill level 5 in Translocations
 40187 | Elf:1    | Entered Level 1 of the Elven Halls
 40628 | Elf:1    | You fall through a shaft!
 41062 | Elf:2    | Reached skill level 5 in Shields
 41763 | Elf:2    | Found a huge runed gate.
 41763 | Elf:2    | Found a huge runed gate.
 41788 | Elf:2    | Found a huge runed gate.
 41788 | Elf:2    | Found a huge runed gate.
 41788 | Elf:2    | Found a huge runed gate.
 42053 | Elf:2    | HP: 2/139 [deep elf priest/a malign offering (20)]
 42914 | Elf:1    | Noticed Donald
 43312 | Elf:1    | Found Fuvo Piev's Food Shop.
 43374 | Elf:1    | Killed Donald
 43631 | Elf:1    | Bought a bread ration for 65 gold pieces
 43631 | Elf:1    | Bought a bread ration for 65 gold pieces
 43631 | Elf:1    | Bought a bread ration for 65 gold pieces
 43631 | Elf:1    | Bought a bread ration for 65 gold pieces
 43631 | Elf:1    | Bought a meat ration for 65 gold pieces
 43631 | Elf:1    | Bought a meat ration for 65 gold pieces
 43631 | Elf:1    | Bought a meat ration for 65 gold pieces
 43658 | Elf:1    | Noticed Agnes
 43671 | Elf:1    | Killed Agnes
 44614 | Elf:3    | Entered Level 3 of the Elven Halls
 45116 | Lair:1   | Learned a level 4 spell: Cause Fear
 45202 | Snake:1  | Entered Level 1 of the Snake Pit
 45202 | Snake:1  | Noticed Rupert
 45203 | Snake:1  | Paralysed by Rupert for 4 turns
 45219 | Snake:1  | Killed Rupert
 45449 | Shoals:1 | Entered Level 1 of the Shoals
 46866 | Shoals:2 | Found Suenleli's Antique Weapon Shoppe.
 47354 | Shoals:2 | Reached skill level 10 in Translocations
 47787 | Shoals:3 | Reached XP level 18. HP: 98/147 MP: 3/34
 48114 | Shoals:3 | Noticed Aizul
 48145 | Shoals:3 | Killed Aizul
 48653 | Shoals:3 | Reached skill level 10 in Shields
 50039 | Shoals:4 | Entered Level 4 of the Shoals
 51420 | Shoals:4 | HP: 7/147 [merfolk impaler/demon trident of electrocution (15)]
 51420 | Shoals:4 | Mangled by a merfolk impaler

Action                   |  1- 3 |  4- 6 |  7- 9 | 10-12 | 13-15 | 16-18 || total
-------------------------+-------+-------+-------+-------+-------+-------++-------
Melee: Dagger            |   107 |   181 |   267 |  1196 |    51 |       ||  1802
       Falchion          |       |       |       |    16 |     3 |       ||    19
       Rapier            |       |       |       |   159 |   901 |  1666 ||  2726
 Fire: Blowgun           |       |       |       |       |     3 |       ||     3
 Cast: Ensorcelled Hiber |     7 |    10 |    78 |   188 |   383 |   162 ||   828
       Confuse           |       |     4 |    16 |    96 |   100 |   112 ||   328
       Tukima's Dance    |       |     1 |    11 |    17 |    30 |    63 ||   122
       Dazzling Spray    |       |       |       |       |    47 |   225 ||   272
       Corona            |       |       |       |       |     9 |     4 ||    13
       Silence           |       |       |       |       |     1 |     2 ||     3
       Flight            |       |       |       |       |       |    15 ||    15
       Cause Fear        |       |       |       |       |       |     2 ||     2
       Ozocubu's Armour  |       |       |       |       |       |     1 ||     1
Invok: Call Merchant     |       |       |       |     3 |     2 |     4 ||     9
 Abil: Breathe Dispellin |       |       |       |    34 |     1 |       ||    35
       Evoke Invisibilit |       |       |       |       |     1 |    18 ||    19
Evoke: Wand              |       |       |       |    15 |       |     6 ||    21
       Sack of spiders   |       |       |       |       |       |     5 ||     5
       Deck              |       |       |       |       |       |     2 ||     2
  Use: Potion            |       |     1 |       |     3 |     3 |    11 ||    18
       Scroll            |       |     9 |       |    28 |     8 |     9 ||    54
 Stab: Sleeping          |     4 |    13 |    54 |   137 |   194 |    81 ||   483
       Distracted        |       |     1 |       |     2 |    29 |    23 ||    55
       Confused          |       |       |     6 |    56 |    52 |    57 ||   171
       Fleeing           |       |       |       |     1 |       |       ||     1
       Invisible         |       |       |       |       |    21 |   115 ||   136
       Paralysed         |       |       |       |       |       |     1 ||     1
       Held in net/web   |       |       |       |       |       |     1 ||     1
  Eat: Chunk             |     1 |     8 |     3 |       |       |       ||    12
       Meat ration       |       |       |     1 |     4 |     7 |    12 ||    24
       Bread ration      |       |       |     1 |     1 |     1 |     1 ||     4
       Pizza             |       |       |     1 |     1 |     1 |     1 ||     4
       Beef jerky        |       |       |       |    10 |     4 |     1 ||    15
       Royal jelly       |       |       |       |     1 |     1 |       ||     2
       Fruit             |       |       |       |       |     5 |       ||     5
